 Dungeon Crawl Stone Soup version 0.29.1-2-gbd0b4ee654 (webtiles) character file.

Game seed: 10882221408751093384

30 Avanven the Cudgeller (level 3, -2/27 HPs)
             Began as a Demonspawn Gladiator on Nov 5, 2022.
             Was a Follower of Kikubaaqudgha.
             Slain by a hobgoblin (3 damage)
             ... led by Robin
             ... on level 2 of the Dungeon.
             The game lasted 00:02:14 (1250 turns).

Avanven the Cudgeller (Demonspawn Gladiator)        Turns: 1250, Time: 00:02:15

Health: -2/27      AC:  3    Str: 16    XL:     3   Next: 3%
Magic:  3/3        EV: 12    Int:  9    God:    Kikubaaqudgha [*.....]
Gold:   115        SH:  0    Dex: 14    Spells: 2/2 levels left

rFire   . . .      SeeInvis .   a - +0 flail
rCold   . . .      Faith    .   (no shield)
rNeg    . . .      Spirit   .   b - +0 leather armour
rPois   .          Reflect  .   (helmet restricted)
rElec   .          Harm     .   (no cloak)
rCorr   .          Rampage  .   (no gloves)
Will    .....                   (no boots)
Stlth   +.........              (no amulet)
HPRegen 0.09/turn               (no ring)
MPRegen 0.08/turn               (no ring)

@: hasted, very quick
A: antennae 1, powered by death 1
a: Renounce Religion, Unearth Wretches


You were on level 2 of the Dungeon.
You worshipped Kikubaaqudgha.
Kikubaaqudgha was aware of your devotion.
You visited 1 branch of the dungeon, and saw 2 of its levels.

You collected 115 gold pieces.

Inventory:

Hand Weapons
 a - a +0 flail (weapon)
Missiles
 d - 4 throwing nets (quivered)
 e - a javelin
Armour
 b - a +0 leather armour (worn)
 c - a +0 helmet
Jewellery
 i - a ring of magical power
Scrolls
 g - a scroll of enchant armour {unknown}
 h - a scroll of identify {unknown}
 n - a scroll of enchant weapon {unknown}
 p - a scroll of summoning {unknown}
 q - a scroll of fog {unknown}
 s - a scroll of amnesia {unknown}
Potions
 f - a potion of haste
 j - a potion of flight {unknown}
 k - a potion of curing {unknown}
 l - a potion of attraction {unknown}
 m - 2 potions of mutation {unknown}
 o - a potion of brilliance {unknown}
 r - a potion of heal wounds {unknown}


   Skills:
 - Level 2.0 Fighting
 * Level 3.8 Maces & Flails
 - Level 1.7 Throwing
 - Level 2.6 Dodging


You had 2 spell levels left.
You didn't know any spells.
Your spell library contained the following spells:

 Spells                   Type           Power      Damage    Failure   Level
 Necrotise                Necr           0%         1d4       45%         1
 Sublimation of Blood     Necr           0%         N/A       58%         2
 Vampiric Draining        Necr           0%         2d6       83%         3
 Animate Dead             Necr           0%         N/A       99%         4


Dungeon Overview and Level Annotations

Branches:
Dungeon (2/15)

Altars:
Kikubaaqudgha

Annotations:
D:2 Robin


Innate Abilities, Weirdness & Mutations

You have a pair of small antennae on your head.
You regenerate a little health from kills.


Message History

You hit the hobgoblin.
You kill the hobgoblin!
Kikubaaqudgha accepts your kill.
You barely miss the goblin. You closely miss the goblin.
The goblin no longer looks unusually strong. x2
The goblin closely misses you.
You closely miss the goblin. The goblin barely misses you. x2
The hobgoblin hits you.
You closely miss the goblin.
The goblin no longer looks unusually strong. x2
Something hits the plant.
The plant begins to die.
The goblin hits you but does no damage. The goblin misses you.
The hobgoblin barely misses you.
You miss the goblin.
Something hits the plant.
The goblin hits you with a +0 club.
The hobgoblin hits the plant.
The goblin hits you but does no damage.
You closely miss the goblin. The hobgoblin hits you.
The goblin hits the plant with a +0 club.
Something hits the plant.
The goblin hits the plant with a +0 dagger.
Robin roars a battlecry!
The goblins go into a battle-frenzy!
You closely miss the goblin.
The hobgoblin no longer looks unusually strong. x2
The goblin closely misses you. The goblin barely misses you.
The hobgoblin hits the plant.
The hobgoblin hits you.
The goblin hits the plant with a +0 club.
The goblin hits the plant with a +0 dagger.
You hit the goblin but do no damage. The goblin hits you with a +0 club.
* * * LOW HITPOINT WARNING * * *
The goblin hits you with a +0 club.
* * * LOW HITPOINT WARNING * * *
The hobgoblin closely misses you.
Something hits the plant!
You barely miss the goblin.
Something hits the plant.
The goblin closely misses you. The goblin hits you with a +0 club.
* * * LOW HITPOINT WARNING * * *
The hobgoblin hits you.
You die...
Kikubaaqudgha rasps: "You have failed me!
Welcome... death!"

#...≈~~≈≈≈≈...## .
#..~~~~~~≈≈~~P.### .
##.≈~~≈~≈≈≈~~P...###.
#..~≈≈≈~~≈~...#. ...
#.g♣~≈≈≈~.P.P.†###..
#gP..P~~(.....†....#
#gg{......PP..†.....
##g##...............
#g@g...............
####...............
#####...........>...
#####.....#...##........
........################
........######## #
................ ..
........######## ###
........#


You could see Robin, 2 hobgoblins and 4 goblins.

Vanquished Creatures
  2 dart slugs
  3 endoplasms (D:1)
  A giant cockroach (D:1)
  3 hobgoblins (D:2)
  A quokka (D:1)
  3 ball pythons
  2 bats (D:1)
  4 frilled lizards
  3 goblins
  2 kobolds
  A rat (D:1)
25 creatures vanquished.

Vanquished Creatures (others)
  3 plants (D:2)
3 creatures vanquished.

Grand Total: 28 creatures vanquished

Notes
Turn   | Place    | Note
-------+----------+-------------------------------------------
     0 | D:1      | Avanven the Demonspawn Gladiator began the quest for the
                  | Orb.
     0 | D:1      | Reached XP level 1. HP: 16/16 MP: 1/1
   509 | D:1      | Reached skill level 3 in Maces & Flails
   552 | D:1      | Gained mutation: You have a pair of small antennae on your
                  | head. [demonic ancestry]
   552 | D:1      | Reached XP level 2. HP: 22/22 MP: 2/2
   649 | D:1      | Found a faded altar of an unknown god.
   660 | D:1      | Prayed at the altar of an unknown god.
   660 | D:1      | Became a worshipper of Kikubaaqudgha
   660 | D:1      | Reached * piety under Kikubaaqudgha
   660 | D:1      | Received a gift from Kikubaaqudgha
  1219 | D:2      | Noticed Robin
  1239 | D:2      | Gained mutation: You regenerate a little health from kills.
                  | [demonic ancestry]
  1239 | D:2      | Reached XP level 3. HP: 22/27 MP: 3/3
  1250 | D:2      | HP: 1/27 [goblin/+0 club[Robin] (4)]
  1250 | D:2      | Slain by a hobgoblin

Illustrated notes

Levels and vault maps discovered:
D:1:      dpeg_arrival_concentric_ovals, layout_loops_ring,
          basic_ecumenical_altar, grunt_decor_mini_mirrors
D:2:      layout_rooms, serial_shops, shop, guppyfry_early_lair_pool,
          uniq_crazy_yiuf_cottage, uniq_robin, uniq_sigmund

Skill      XL: |  1 |
---------------+----+-----
Maces & Flails | 3 |  3.8
Fighting       | |  2.0
Throwing       | |  1.7
Dodging        | |  2.6

Action                   || total
-------------------------++-------
Melee: Flail             ||    75
       Punch             ||     1
  Use: Scroll            ||     2
       Potion            ||     1
 Stab: Sleeping          ||     1
Armor: Leather armour    ||    24
Dodge: Dodged            ||    70
